 Dungeon Crawl Stone Soup version 0.19.1 (webtiles) character file.

853 Host24 the Fighter (level 8, -3/54 HPs)
             Began as a Kobold Hunter on Dec 26, 2016.
             Was a Follower of Fedhas.
             Slain by Host24's ghost (5 damage)
             ... on level 5 of the Dungeon.
             The game lasted 00:10:01 (4594 turns).

Host24 the Fighter (Kobold Hunter)                  Turns: 4594, Time: 00:10:01

Health: -3/54      AC:  4    Str: 13 (15) XL:     8   Next: 21%
Magic:  8/8        EV: 17    Int: 15 (17) God:    Fedhas [*.....]
Gold:   182        SH:  0    Dex: 14 (17) Spells: 0 memorised, 7 levels left

rFire  + . .     SeeInvis +     F - +4 hand crossbow of Teddan {penet, rElec rPois rN+ MR-}
rCold  . . .     Gourm    .     c - +0 leather armour
rNeg   + . .     Faith    .     (shield restricted)
rPois  +         Spirit   .     (no helmet)
rElec  +         Reflect  .     C - +0 cloak
rCorr  .         Harm     .     (no gloves)
MR     .....                    (no boots)
Stlth  ++........               (no amulet)
                                n - ring of see invisible
                                e - ring of protection from fire

@: mighty, brilliant
A: carnivore 3
a: Fungal Bloom, Evolution, Renounce Religion


You were on level 5 of the Dungeon.
You worshipped Fedhas.
Fedhas was aware of your devotion.
You were very full.

You visited 1 branch of the dungeon, and saw 5 of its levels.

You collected 182 gold pieces.

Inventory:

Hand Weapons
 b - a +2 mace of crushing
 r - a +2 dagger of venom
 F - the +4 hand crossbow of Teddan (weapon) {penet, rElec rPois rN+ MR-}
   (You found it on level 4 of the Dungeon)

   Ammo fired by it will pass through the targets it hits, potentially hitting
   all targets in its path until it reaches maximum range.
   It insulates you from electricity.
   It protects you from poison.
   It protects you from negative energy.
   It affects your resistance to hostile enchantments.
 I - a +0 short sword of venom
Missiles
 d - 30 bolts (quivered)
 j - 18 sling bullets
 l - 146 stones
 o - 74 arrows
 y - 10 poisoned needles
Armour
 c - a +0 leather armour (worn)
 C - a +0 cloak (worn)
Jewellery
 e - a ring of protection from fire (left hand)
 g - a +3 ring of intelligence
 n - a ring of see invisible (right hand)
 w - an uncursed ring of positive energy {unknown}
Wands
 a - a wand of digging (3/24)
Scrolls
 i - a scroll of random uselessness {unknown}
 k - a scroll of remove curse {unknown}
 p - a scroll of immolation {unknown}
 s - a scroll of magic mapping {unknown}
 v - 2 scrolls of recharging {unknown}
 x - a scroll of fog {unknown}
 z - 2 scrolls of teleportation {unknown}
 A - a scroll of amnesia {unknown}
Potions
 h - a potion of berserk rage {unknown}
 t - 2 potions of degeneration
 u - a potion of haste {unknown}
 D - a potion of invisibility {unknown}
 E - a potion of flight {unknown}
 H - a potion of magic {unknown}
Comestibles
 f - 4 meat rations
 B - 2 slices of pizza
 G - a royal jelly


   Skills:
 + Level 8.1 Fighting
 - Level 5.1 Crossbows
 - Level 6.2 Dodging
 - Level 1.3 Stealth


You had 7 spell levels left.
You didn't know any spells.

Dungeon Overview and Level Annotations

Branches:
Dungeon (5/15)
 Temple: D:4-7

Altars:
Ashenzari
Elyvilon
Fedhas
Nemelex Xobeh
Qazlal
Sif Muna
Uskayaw

Annotations:
D:3 Darts's ghost, amateur OpIE
D:5 Host24's ghost, novice KoHu


Innate Abilities, Weirdness & Mutations

You are small and have problems with some larger weapons.
You are carnivorous and can eat meat at any time.


Message History

You feel very mighty all of a sudden. Host24's ghost closely misses you.
It was a potion of brilliance.
You feel clever all of a sudden. Host24's ghost hits you.
* * * LOW HITPOINT WARNING * * *
x2 Firing (i - inventory. (,) - cycle):
d - 32 bolts (quivered)
Press: ? - help, Shift-Dir - straight line, f/p - Host24's ghost
Aim: Host24's ghost, wielding a vorpal weapon (heavily damaged)
You shoot a bolt.
The bolt pierces through Host24's ghost.
Host24's ghost is heavily damaged.
Host24's ghost hits you but does no damage.
Firing (i - inventory. (,) - cycle):
d - 31 bolts (quivered)
Press: ? - help, Shift-Dir - straight line, f/p - Host24's ghost
Aim: Host24's ghost, wielding a vorpal weapon (heavily damaged)
You shoot a bolt. The bolt closely misses Host24's ghost.
Host24's ghost hits you.
You die...
Fedhas appreciates your contribution to the ecosystem.

################
###...............
#.............####
#.#.#########.....
#.#.# ###### #@#[#
#W#.# #.#.# #
#.#.####### #
#.#..........#####
#.#..#######......
#.#..## #######
#(#...# # ..#..#.#
#


You could see Host24's ghost.

Vanquished Creatures
  Grinder (D:5)
  The ghost of yaymichael the Conjurer, an amateur HECj (D:4)
  An ogre (D:5)
  Blork the orc (D:5)
  A howler monkey (D:4)
  A bullfrog skeleton (D:5)
  Jessica (D:2)
  Ijyb (D:2)
  A worker ant (D:4)
  An orc wizard (D:5)
  A hound skeleton (D:4)
  8 adders
  An ooze (D:4)
  A worm (D:2)
  A dart slug (D:1)
  3 leopard geckos
  4 orcs
  10 bats
  5 giant cockroaches
  7 goblins
  8 hobgoblins
  8 frilled lizards
  7 kobolds
  5 rats
  A butterfly (D:3)
80 creatures vanquished.

Vanquished Creatures (others)
  23 toadstools
23 creatures vanquished.

Grand Total: 103 creatures vanquished

Notes
Turn   | Place    | Note
-------+----------+-------------------------------------------
     0 | D:1      | Host24 the Kobold Hunter began the quest for the Orb.
     0 | D:1      | Reached XP level 1. HP: 12/12 MP: 1/1
   452 | D:1      | Reached XP level 2. HP: 13/18 MP: 2/2
   456 | D:1      | Reached skill level 3 in Fighting
   826 | D:1      | Reached XP level 3. HP: 15/23 MP: 3/3
  1074 | D:2      | Found a blossoming altar of Fedhas.
  1158 | D:2      | Became a worshipper of Fedhas Madash
  1247 | D:2      | Reached skill level 4 in Fighting
  1328 | D:2      | Noticed Jessica
  1335 | D:2      | Killed Jessica
  1335 | D:2      | Reached XP level 4. HP: 24/29 MP: 4/4
  1780 | D:2      | Noticed Ijyb
  1789 | D:2      | Killed Ijyb
  1789 | D:2      | Reached XP level 5. HP: 31/33 MP: 5/5
  2004 | D:2      | Reached skill level 5 in Crossbows
  2509 | D:3      | Reached * piety under Fedhas
  2514 | D:3      | Found a sparkling altar of Nemelex Xobeh.
  2574 | D:3      | Found a stormy altar of Qazlal.
  2652 | D:3      | Found a white marble altar of Elyvilon.
  2717 | D:3      | Noticed Darts's ghost (amateur OpIE)
  3190 | D:4      | Reached skill level 5 in Fighting
  3271 | D:4      | Reached XP level 6. HP: 35/40 MP: 6/6
  3284 | D:4      | Found a white marble altar of Elyvilon.
  3293 | D:4      | Noticed yaymichael's ghost (amateur HECj)
  3303 | D:4      | Killed yaymichael's ghost
  3539 | D:4      | Got a blackened hand crossbow
  3540 | D:4      | Identified the +4 hand crossbow of Teddan {penet, rElec rPois rN+ MR-} (You found it on level 4 of the Dungeon)
  3582 | D:4      | Reached XP level 7. HP: 44/44 MP: 7/7
  3705 | D:4      | Found a faded altar of an unknown god.
  3705 | D:4      | Found a deep blue altar of Sif Muna.
  3723 | D:4      | Found a shattered altar of Ashenzari.
  3725 | D:4      | Found a faded altar of an unknown god.
  3727 | D:4      | Found a faded altar of an unknown god.
  3815 | D:5      | Entered Level 5 of the Dungeon
  3946 | D:5      | Noticed a hand axe
  3947 | D:5      | Found a hide-covered altar of Uskayaw.
  3947 | D:5      | Noticed a hand axe
  3963 | D:5      | Reached skill level 6 in Fighting
  4197 | D:5      | Noticed Grinder
  4208 | D:5      | Paralysed by Grinder for 5 turns
  4230 | D:5      | Killed Grinder
  4230 | D:5      | Reached skill level 7 in Fighting
  4230 | D:5      | Reached XP level 8. HP: 10/53 MP: 8/8
  4479 | D:5      | Noticed Host24's ghost (novice KoHu)
  4537 | D:5      | Noticed Blork the orc
  4547 | D:5      | Killed Blork the orc
  4547 | D:5      | Reached skill level 8 in Fighting
  4592 | D:5      | HP: 2/54 [Host24's ghost (1)]
  4594 | D:5      | Slain by Host24's ghost

Skill      XL: |  1  2  3  4  5  6  7  8 |
---------------+-------------------------+-----
Fighting       | 3 4 5 7 8 |  8.1
Dodging        | 3 4 6 |  6.2
Crossbows      | 5 |  5.1
Stealth        | |  1.3

Action                   |  1- 3 |  4- 6 |  7- 9 || total
-------------------------+-------+-------+-------++-------
Melee: Short sword       |    93 |     3 |     7 ||   103
       Dagger            |       |   126 |    23 ||   149
 Fire: Hand crossbow     |     8 |    13 |    42 ||    63
Invok: Fungal Bloom      |       |    10 |     1 ||    11
  Use: Scroll            |     2 |     2 |       ||     4
       Potion            |     1 |       |     3 ||     4
 Stab: Sleeping          |       |     2 |     1 ||     3
       Distracted        |       |       |     1 ||     1
  Eat: Chunk             |    10 |     6 |     2 ||    18
Armor: Leather armour    |    19 |    15 |     3 ||    37
Dodge: Dodged            |   102 |   106 |    44 ||   252
